 Dungeon Crawl Stone Soup version 0.22-a0-247-gbddf880 (webtiles) character file.

5236 MatthieuS the Fighter (level 10, 0/96 HPs)
             Began as a Minotaur Artificer on Feb 24, 2018.
             Was a Follower of Okawaru.
             Succumbed to a hornet's poison
             ... on level 8 of the Dungeon.
             The game lasted 00:20:50 (6428 turns).

MatthieuS the Fighter (Minotaur Artificer)          Turns: 6428, Time: 00:20:51

Health: 0/96       AC:  6    Str: 17 (18) XL:     10   Next: 35%
Magic:  1/15       EV: 20    Int:  6 (8)  God:    Okawaru [*.....]
Gold:   415        SH:  4    Dex: 19 (20) Spells: 9/9 levels left

rFire    + . .     SeeInvis +   a - +5 spear
rCold    . . .     Gourm    .   (no shield)
rNeg     . . .     Faith    .   z - +3 leather armour {rF+}
rPois    .         Spirit   +   (helmet restricted)
rElec    .         Reflect  .   (no cloak)
rCorr    .         Harm     .   (no gloves)
MR       .....                  (no boots)
Stlth    ++........             o - amulet of guardian spirit
HPRegen  0.00/turn              C - +2 ring of strength
MPRegen  0.14/turn              D - ring of Oshubbu {Dex+5 SInv}

@: lethally poisoned (0 -> -34), non-regenerating, badly diseased, slowed, very
slow
A: retaliatory headbutt, horns 2, large bone plates 1
a: Heroism, Renounce Religion


You were on level 8 of the Dungeon.
You worshipped Okawaru.
Okawaru was aware of your devotion.
You were not hungry.

You visited 2 branches of the dungeon, and saw 9 of its levels.

You collected 415 gold pieces.

Inventory:

Hand Weapons
 a - a +5 spear (weapon)
 e - a +0 blowgun
 w - a +0 shortbow
Missiles
 k - 112 arrows
 x - 39 poisoned needles
 F - 2 throwing nets (quivered)
Armour
 z - a +3 leather armour of fire resistance (worn)
Jewellery
 o - an amulet of guardian spirit (around neck)
 C - a +2 ring of strength (left hand)
 D - the ring of Oshubbu (right hand) {Dex+5 SInv}
   (You found it on level 4 of the Dungeon)

   [ring of see invisible]

   It affects your dexterity (+5).
   It lets you see invisible.
Wands
 c - a wand of flame (11)
 d - a wand of enslavement (9)
 i - a wand of iceblast (12)
 q - a wand of digging (16)
Scrolls
 b - 3 scrolls of teleportation
 h - 4 scrolls of amnesia
 j - 3 scrolls of fear
 p - 5 scrolls of remove curse
 s - a scroll of enchant armour {unknown}
 u - 3 scrolls of enchant weapon
 v - 2 scrolls of blinking {unknown}
 y - 3 scrolls of magic mapping {unknown}
Potions
 r - 2 potions of haste
 t - a potion of heal wounds
Comestibles
 f - 16 rations
 g - a chunk of flesh


   Skills:
 + Level 11.4 Fighting
   Level 1.1 Short Blades
 - Level 0.5 Polearms
 * Level 2.8 Bows
 + Level 2.1 Armour
 + Level 10.6 Dodging
 - Level 0.7 Stealth
 + Level 0.8 Invocations
 - Level 9.1 Evocations


You had 9 spell levels left.
You didn't know any spells.

Dungeon Overview and Level Annotations

Branches:
Dungeon (8/15)             Temple (1/1) D:5
   Lair: D:8-11

Altars:
Ashenzari
Cheibriados
Dithmenos
Elyvilon
Fedhas
Gozag
Hepliaklqana
Kikubaaqudgha
Makhleb
Nemelex Xobeh
Okawaru
Qazlal
Ru
Sif Muna
Trog
Uskayaw
Vehumet
Wu Jian
Xom
Zin
The Shining One

Shops:
D:5 %

Annotations:
D:3 Robin
D:4 1 runed door


Innate Abilities, Weirdness & Mutations

You reflexively headbutt those who attack you in melee.
You have a pair of horns on your head.
You are partially covered in large bone plates. (SH +4)


Message History

You feel sick. The hornet stings you!
* * * LOW HITPOINT WARNING * * *
You feel as though you will be slow longer.
The hornet stings you.
You feel as though you will be slow longer.
You can move again.
You hit the hornet but do no damage.
The hornet is almost dead.
* * * LOW HITPOINT WARNING * * *
You feel very sick. The hornet stings you!
* * * LOW HITPOINT WARNING * * *
You are more poisoned.
You feel as though you will be slow longer.
You block the hornet's attack.
You hear a shout!
You hit the hornet.
You kill the hornet!
Okawaru accepts your kill.
You die...

######.#####
#........#
###..#.#.# #....#.#
#..#.#.#
#....#.#.####
#....#.#(#..#### ##
#......#Z†.#†#.###c#
#.########@##.#.#.#
#...(....#)#)#o#.#
########.#.##.#c#.#
####.#.###o#.#.#
#.##)#.##.# #.#.#
##....#.#.# #(#.#
#.......## #.#.#
#...)...# #.#.#
#.......# #.


You could see a killer bee zombie.

Vanquished Creatures
  A two-headed ogre (D:8)
  A hornet (D:8)
  A spriggan (D:7)
  Sigmund (D:2)
  Eustachio (D:4)
  A hungry ghost (D:8)
  Menkaure (D:4)
  The ghost of ultrashaft the Sneak, an amateur SpAs (D:3)
  A sky beast (D:5)
  A necrophage (D:8)
  2 centaurs
  2 ogres
  A bullfrog (D:6)
  A gnoll sergeant (D:6)
  3 wights (D:7)
  A howler monkey (D:6)
  A crimson imp (D:6)
  2 bullfrog zombies
  3 hounds
  6 orc priests
  A bullfrog skeleton (D:6)
  Terence (D:3)
  2 iguanas
  9 orc wizards
  2 worker ants
  A hound zombie (D:6)
  3 hound skeletons
  2 worker ant zombies
  A howler monkey skeleton (D:4)
  8 adders
  14 gnolls
  2 shadow imps
  3 oozes
  An adder skeleton (D:5)
  A worm (D:4)
  2 dart slugs
  A leopard gecko (D:5)
  32 orcs
  8 giant cockroaches
  14 goblins
  12 hobgoblins
  2 jackals (D:1)
  5 quokkas
  3 ball pythons
  A ball python skeleton (D:5)
  11 bats
  4 frilled lizards
  4 kobolds
  2 leopard gecko skeletons
  A quokka skeleton (D:7)
  A quokka zombie (D:5)
  5 rats
191 creatures vanquished.

Vanquished Creatures (collateral kills)
  A centaur (D:8)
  A bullfrog (D:6)
  2 orc priests
  An orc wizard (D:6)
  A hound skeleton (D:7)
  An orc (D:6)
7 creatures vanquished.

Vanquished Creatures (others)
  A wight (D:7)
1 creature vanquished.

Grand Total: 199 creatures vanquished

Notes
Turn   | Place    | Note
-------+----------+-------------------------------------------
     0 | D:1      | MatthieuS the Minotaur Artificer began the quest for the Orb.
     0 | D:1      | Reached XP level 1. HP: 16/16 MP: 1/1
   163 | D:1      | Reached XP level 2. HP: 24/24 MP: 3/3
   360 | D:1      | Reached skill level 2 in Fighting
   605 | D:2      | Reached XP level 3. HP: 17/29 MP: 4/4
  1077 | D:2      | Reached XP level 4. HP: 27/37 MP: 3/5
  1225 | D:2      | Reached skill level 3 in Fighting
  1392 | D:2      | Noticed Sigmund
  1407 | D:2      | Killed Sigmund
  1407 | D:2      | Reached skill level 4 in Fighting
  1407 | D:2      | Reached XP level 5. HP: 29/46 MP: 4/7
  1433 | D:2      | Found a burning altar of Makhleb.
  1849 | D:3      | Reached XP level 6. HP: 45/52 MP: 6/8
  1901 | D:3      | Noticed ultrashaft's ghost (amateur SpAs)
  1916 | D:3      | Killed ultrashaft's ghost
  2099 | D:3      | Noticed Terence
  2113 | D:3      | Killed Terence
  2393 | D:3      | Noticed Robin
  2662 | D:4      | Noticed Menkaure
  2677 | D:4      | Killed Menkaure
  2677 | D:4      | Reached skill level 5 in Fighting
  2677 | D:4      | Reached skill level 5 in Dodging
  2677 | D:4      | Reached XP level 7. HP: 55/61 MP: 3/9
  2717 | D:4      | Found a glowing silver altar of Zin.
  2730 | D:4      | Noticed Eustachio
  2740 | D:4      | Killed Eustachio
  2740 | D:4      | Reached skill level 5 in Evocations
  2777 | D:4      | Found a shattered altar of Ashenzari.
  2805 | D:4      | Reached skill level 6 in Fighting
  2932 | D:4      | Found a radiant altar of Vehumet.
  3082 | D:4      | Reached XP level 8. HP: 67/71 MP: 11/11
  3148 | D:4      | Got a fine bone ring
  3149 | D:4      | Identified the ring of Oshubbu {Dex+5 SInv} (You found it on level 4 of the Dungeon)
  3379 | D:4      | Found a runed door.
  3436 | D:4      | Found an ornate altar of the Wu Jian Council.
  3525 | D:5      | Entered Level 5 of the Dungeon
  3620 | D:5      | Found a deep blue altar of Sif Muna.
  3663 | D:5      | Reached skill level 7 in Fighting
  3694 | D:5      | Found Vaha's Food Shoppe.
  3766 | D:5      | Found a staircase to the Ecumenical Temple.
  3773 | Temple   | Entered the Ecumenical Temple
  4091 | D:5      | Found a bloodstained altar of Trog.
  4101 | D:5      | Found a shimmering altar of Xom.
  4394 | D:6      | Found a sparkling altar of Nemelex Xobeh.
  5058 | D:6      | Gained mutation: You are frail. (-10% HP) [potion of mutation]
  5058 | D:6      | Lost mutation: You are frail. (-10% HP) [potion of mutation]
  5058 | D:6      | Gained mutation: You are partially covered in large bone plates. (SH +4) [potion of mutation]
  5059 | D:6      | Reached skill level 11 in Fighting
  5059 | D:6      | Reached skill level 10 in Dodging
  5059 | D:6      | Reached XP level 9. HP: 79/89 MP: 12/14
  5104 | D:6      | Found an iron altar of Okawaru.
  5112 | D:6      | Became a worshipper of Warmaster Okawaru
  5321 | D:6      | Found a sacrificial altar of Ru.
  5446 | D:7      | Reached XP level 10. HP: 82/95 MP: 13/15
  5622 | D:7      | Got a transparent battleaxe
  5625 | D:7      | Found a hazy altar of Hepliaklqana.
  5720 | D:7      | Identified the cursed +3 battleaxe of Doubt {pain, Str+3 Dex+3} (You found it on level 7 of the Dungeon)
  6005 | D:7      | Reached skill level 1 in Bows
  6005 | D:7      | Reached skill level 1 in Armour
  6297 | D:8      | Reached * piety under Okawaru
  6364 | D:8      | Noticed a two-headed ogre
  6400 | D:8      | Killed a two-headed ogre
  6424 | D:8      | Paralysed by a hornet for 3 turns
  6427 | D:8      | HP: 4/96 [hornet (13)]
  6428 | D:8      | Succumbed to a hornet's poison

Vault maps used:
D:1:      dpeg_arrival_refuge
D:2:      lemuel_doored_altar, uniq_sigmund
D:3:      first_ration, kennysheep_generic_room_5, uniq_terence, uniq_robin
D:4:      fiery_altar_vehumet, kennysheep_mini_moat,
          ashenzari_conservatory_becter, kennysheep_mini,
          kennysheep_generic_room_16, uniq_crazy_yiuf_cottage, uniq_eustachio,
          uniq_menkaure
D:5:      xom_teletrap_fun, lightli_temple_of_fire,
          minmay_temple_entry_statues_fountains, serial_shops,
          nicolae_shop_stone, basic_altar
D:6:      lemuel_round_altar, nemelex_xobeh_ov_fountains_minmay,
          nicolae_overflow_hidden_temple, dk_yredelemnul_ordeal
D:7:      lemuel_crystal_altar, the_bakery
D:8:      minmay_imperfect_grid
Temple:   jpeg_temple_alley_garden

Skill      XL: |  1  2  3  4  5  6  7  8  9 10 |
---------------+-------------------------------+-----
Fighting       | 2 4 5 6 11 | 11.4
Evocations     | 3 4 5 9 |  9.1
Dodging        | 3 4 5 6 10 | 10.6
Bows           | 2 |  2.8
Armour         | 2 |  2.1
Short Blades   | |  1.1
Polearms       | |  0.5
Stealth        | |  0.7
Invocations    | |  0.8

Action                   |  1- 3 |  4- 6 |  7- 9 | 10-12 || total
-------------------------+-------+-------+-------+-------++-------
Melee: Short sword       |    67 |   157 |   330 |     6 ||   560
       Headbutt          |    13 |    24 |   103 |     8 ||   148
       Spear             |       |       |       |    26 ||    26
 Fire: Shortbow          |       |       |       |    63 ||    63
Evoke: Wand              |       |       |    22 |     5 ||    27
  Use: Potion            |       |     6 |     9 |     1 ||    16
       Scroll            |       |     1 |       |     7 ||     8
 Stab: Paralysed         |       |       |     2 |       ||     2
  Eat: Chunk             |       |     6 |     6 |       ||    12
       Ration            |       |       |     1 |     1 ||     2
Armor: Leather armour    |    10 |       |       |    11 ||    21
       Chain mail        |    18 |    83 |   128 |     3 ||   232
Dodge: Dodged            |    44 |    85 |   178 |    55 ||   362
Block: Buckler           |       |       |    41 |    17 ||    58
       Other             |       |       |       |     9 ||     9

Table legend:
 A = Spawn XP
 B = Non-spawn XP
 C = Spawn XP percentage of total XP
 D = Spawn monster count
 E = Non-spawn monster count
 F = Spawn count percentage of total count
 G = Total turns spent on level
                    A         B        C        D         E        F      G
               +---------+---------+-------+---------+---------+-------+---------
         Total |       0 |    4948 |   0.0 |       0 |     199 |   0.0 |  6428
               +---------+---------+-------+---------+---------+-------+---------
           D:1 |       0 |      27 |   0.0 |       0 |      15 |   0.0 |   598
           D:2 |       0 |     323 |   0.0 |       0 |      33 |   0.0 |  1234
           D:3 |       0 |     302 |   0.0 |       0 |      31 |   0.0 |   830
           D:4 |       0 |     919 |   0.0 |       0 |      37 |   0.0 |   863
           D:5 |       0 |     603 |   0.0 |       0 |      26 |   0.0 |   791
           D:6 |       0 |     669 |   0.0 |       0 |      27 |   0.0 |   827
           D:7 |       0 |     815 |   0.0 |       0 |      22 |   0.0 |   899
           D:8 |       0 |    1290 |   0.0 |       0 |       8 |   0.0 |   178
               +---------+---------+-------+---------+---------+-------+---------
